 Dungeon Crawl Stone Soup version 0.24.1-5-g77f818bfca (webtiles) character file.

Game seed: 17153211088390823331, levelgen mode: deterministic

6185 vs12 the Carver (level 10, -11/86 HPs)
             Began as a Minotaur Gladiator on Apr 23, 2020.
             Was an Elder of the Shining One.
             Killed from afar by a wretched star (24 damage)
             ... with an orb of energy
             ... on level 1 of the Abyss on Apr 24, 2020.
             The game lasted 02:36:39 (15608 turns).

vs12 the Carver (Minotaur Gladiator)               Turns: 15608, Time: 02:36:39

Health: -11/86     AC:  8    Str: 16    XL:     10   Next: 60%
Magic:  6/6        EV: 36    Int:  5    God:    the Shining One [****..]
Gold:   575        SH:  6    Dex: 19    Spells: 9/9 levels left

rFire    + . .     SeeInvis .   Z - +3 long sword
rCold    . . .     Gourm    .   (no shield)
rNeg     + + .     Faith    .   D - +4 ring mail
rPois    .         Spirit   .   c - +0 hat
rElec    .         Reflect  .   (no cloak)
rCorr    .         Harm     .   (no gloves)
MR       .....     Rnd*Rage +   (no boots)
Stlth    ++........             v - amulet of the acrobat
HPRegen  0.24/turn              l - ring of protection from fire
MPRegen  0.10/turn              t - ring of stealth

@: agile, divine shield, acrobat, glowing, lightly drained
A: retaliatory headbutt, horns 2, [berserk 2], [blurry vision 2], [deformed
body], [deterioration 2], [low mp 3], [screaming 2], [weak 2]
a: Divine Shield, Cleansing Flame, Renounce Religion


You were on level 1 of the Abyss.
You worshipped the Shining One.
The Shining One was greatly pleased with you.
You were not hungry.

You visited 2 branches of the dungeon, and saw 11 of its levels.
You visited the Abyss 1 time.

You collected 575 gold pieces.

Inventory:

Hand Weapons
 a - a +0 shortbow of flaming
 p - a +0 hunting sling of flaming
 u - a +4 quarterstaff of protection
 N - a +3 hand axe of freezing
 O - a +2 shortbow of velocity
 T - a +4 mace of freezing
 Y - a +2 great sword
 Z - a +3 long sword (weapon)
Missiles
 d - 2 throwing nets
 h - 117 arrows
 i - 19 poisoned darts
 q - 12 boomerangs (quivered)
 Q - 50 sling bullets
Armour
 c - a +0 hat (worn)
 D - a +4 ring mail (worn)
Jewellery
 e - a +4 ring of intelligence
 l - a ring of protection from fire (left hand)
 t - a ring of stealth (right hand)
 v - an amulet of the acrobat (around neck)
 R - an uncursed ring of protection from fire
Wands
 s - a wand of flame (28)
 G - a wand of iceblast (10)
 L - a wand of polymorph (19)
Scrolls
 b - a scroll of fear {unknown}
 k - a scroll of immolation {unknown}
 m - 2 scrolls of noise
 o - 3 scrolls of enchant armour
 r - 5 scrolls of enchant weapon
 x - a scroll of magic mapping {unknown}
 y - 7 scrolls of remove curse
 A - 2 scrolls of fog
 E - 4 scrolls of teleportation
 H - a scroll of summoning {unknown}
 P - a scroll of random uselessness {unknown}
 S - a scroll of brand weapon {unknown}
 U - a scroll of acquirement {unknown}
 V - a scroll of blinking {unknown}
 W - a scroll of vulnerability {unknown}
Potions
 g - 2 potions of brilliance
 j - a potion of cancellation
 n - 9 potions of curing
 w - a potion of might {unknown}
 z - a potion of mutation {unknown}
 B - a potion of degeneration {unknown}
 F - a potion of flight {unknown}
 I - a potion of magic {unknown}
 J - a potion of agility
 K - 2 potions of invisibility
 M - 2 potions of lignification
 X - a potion of resistance {unknown}
Comestibles
 f - 19 rations


   Skills:
 + Level 7.1(7.0) Fighting
 + Level 11.9(11.8) Long Blades
 + Level 0.1(0.0) Staves
 * Level 3.1(3.0) Bows
 + Level 5.6(5.5) Throwing
 + Level 8.6(8.5) Armour
 + Level 7.2(7.1) Dodging
 + Level 2.5(2.4) Stealth


You had 9 spell levels left.
You didn't know any spells.
Your spell library contained the following spells:

 Spells                   Type           Power        Failure   Level  Hunger
 Confusing Touch          Hex            #.....       65%         1    ##.....
 Freeze                   Ice            #...         65%         1    ##.....
 Magic Dart               Conj           #...         65%         1    ##.....
 Blink                    Tloc           N/A          80%         2    ###....
 Call Imp                 Summ           #.......     80%         2    ###....
 Slow                     Hex            #.......     80%         2    ###....
 Throw Frost              Conj/Ice       #.....       80%         2    ###....
 Confuse                  Hex            #.......     95%         3    ####...
 Conjure Flame            Conj/Fire      #.......     95%         3    ####...
 Gell's Gravitas          Tloc           #.........   95%         3    ####...
 Mephitic Cloud           Conj/Pois/Air  #.......     95%         3    ####...
 Ozocubu's Armour         Chrm/Ice       #.......     95%         3    ####...
 Petrify                  Tmut/Erth      #.......     100%        4    #####..
 Summon Ice Beast         Ice/Summ       #.......     100%        4    #####..
 Throw Icicle             Conj/Ice       #.......     100%        4    #####..
 Metabolic Englaciation   Hex/Ice        #.........   100%        5    ######.
 Yara's Violent Unravell  Hex/Tmut       #.........   100%        5    ######.


Dungeon Overview and Level Annotations

Branches:
Dungeon (10/15)            Temple (1/1) D:4             Orc (0/2) D:10
   Lair: D:8-11

Altars:
Ashenzari
Cheibriados
Dithmenos
Elyvilon
Fedhas
Gozag
Hepliaklqana
Kikubaaqudgha
Makhleb
Nemelex Xobeh
Okawaru
Qazlal
Ru
Sif Muna
Trog
Uskayaw
Vehumet
Wu Jian
Xom
Yredelemnul
Zin
The Shining One

Annotations:
D:8 3 runed translucent doors, MajorAdolf's ghost, novice NaWn
D:10 Erica; Erolcha


Innate Abilities, Weirdness & Mutations

You reflexively headbutt those who attack you in melee.
You have a pair of horns on your head.
[You often lose your temper in combat.]
[Scrolls take you longer to read.]
[Armour fits poorly on your strangely shaped body.]
[Your body often deteriorates upon taking damage.]
[Your magical capacity is extremely low. (-30% MP)]
[You sometimes yell uncontrollably at your foes.]
[You are very weak. (Str -4)]


Message History

The wretched star glows turbulently.
The orb of energy misses you.
The wretched star pulses with an eldritch light!
You feel a little pissed off.
You feel angry.
The wretched star pulses with an eldritch light!
You feel less energetic. x2
The wretched star glows turbulently.
The orb of energy misses you.
The wretched star glows turbulently.
The orb of energy misses you.
The wretched star pulses with an eldritch light!
You feel weaker. x2
The wretched star pulses with an eldritch light!
You feel less energetic.
A mana viper comes into view.
The wretched star pulses with an eldritch light!
Your vision blurs. x2
The wretched star glows turbulently.
The orb of energy hits you!!
You die...

# . #### ## ##
....###. #. #. ...
#. ###... ###
#.###.#...####.###
#@...#.#..*..*....
#...##...##.######
#..#..*#####.. #
#...#.#.# .## #
...###.##.# ##
#... ##. ## ###. #
#.


You could see a wretched star.

Vanquished Creatures
  Joseph (D:10)
  A troll (D:10)
  A large abomination (Abyss:1)
  2 hippogriffs
  2 yaks (D:8)
  A wyvern (D:8)
  2 hogs (D:8)
  A human (D:8)
  2 hungry ghosts
  An orc warrior (D:9)
  4 sky beasts
  An ice beast (D:6)
  4 ogres
  4 phantoms
  2 necrophages
  2 centaurs
  6 bullfrogs
  4 scorpions
  A water moccasin skeleton (D:5)
  9 wights
  2 howler monkeys (D:8)
  A lava snake (D:9)
  4 crimson imps
  4 orc priests
  3 hounds
  2 iguanas
  7 orc wizards
  5 worker ants
  8 ogre zombies (D:10)
  3 hound zombies
  A hound skeleton (D:9)
  Robin (D:3)
  A howler monkey skeleton (D:8)
  17 adders
  7 gnolls
  3 shadow imps
  An ooze (D:3)
  An adder skeleton (D:9)
  2 adder zombies
  8 worms
  2 dart slugs
  5 leopard geckos
  18 orcs
  5 bats
  12 giant cockroaches
  13 goblins
  17 hobgoblins
  6 kobolds
  5 quokkas
  A ball python (D:6)
  5 frilled lizards
  6 goblin zombies (D:10)
  2 hobgoblin skeletons (D:10)
  3 hobgoblin zombies (D:10)
  A leopard gecko zombie (D:5)
  An orc skeleton (D:10)
  12 orc zombies (D:10)
  8 rats
254 creatures vanquished.

Vanquished Creatures (others)
  A worker ant (D:4)
  2 orcs (D:4)
  3 frilled lizards (D:4)
6 creatures vanquished.

Grand Total: 260 creatures vanquished

Notes
Turn   | Place    | Note
-------+----------+-------------------------------------------
     0 | D:1      | vs12 the Minotaur Gladiator began the quest for the Orb.
     0 | D:1      | Reached XP level 1. HP: 18/18 MP: 0/0
   239 | D:1      | Reached XP level 2. HP: 24/25 MP: 1/1
   258 | D:1      | Reached skill level 4 in Long Blades
   676 | D:1      | You fall into a shaft and drop 1 floor!
  1137 | D:2      | Reached XP level 3. HP: 21/30 MP: 2/2
  1480 | D:2      | Reached skill level 1 in Armour
  1555 | D:2      | Noticed a moth of wrath
  1557 | D:2      | Found a bloodstained altar of Trog.
  1769 | D:2      | Reached XP level 4. HP: 32/37 MP: 3/3
  3369 | D:3      | Reached XP level 5. HP: 42/44 MP: 4/4
  3866 | D:3      | Noticed Robin
  3906 | D:3      | Killed Robin
  4247 | D:3      | Reached skill level 5 in Long Blades
  4606 | D:3      | Reached XP level 6. HP: 44/51 MP: 5/5
  5587 | D:4      | Found a staircase to the Ecumenical Temple.
  5598 | Temple   | Entered the Ecumenical Temple
  5895 | D:4      | Reached skill level 6 in Long Blades
  6292 | D:4      | Reached XP level 7. HP: 49/57 MP: 6/6
  6634 | D:4      | Found a shimmering altar of Xom.
  6862 | D:5      | Entered Level 5 of the Dungeon
  6885 | D:5      | Reached skill level 5 in Armour
  7185 | D:5      | Reached skill level 7 in Long Blades
  7489 | D:5      | Reached XP level 8. HP: 56/66 MP: 7/7
  8470 | D:5      | Reached skill level 5 in Dodging
  8513 | D:5      | You fall into a shaft and drop 3 floors!
  8561 | D:6      | Noticed a hippogriff
  8769 | D:6      | Reached skill level 8 in Long Blades
  8769 | D:6      | Reached skill level 1 in Stealth
  9347 | D:6      | Found a glowing golden altar of the Shining One.
  9350 | D:6      | Became a worshipper of the Shining One
  9709 | D:6      | Killed a hippogriff
  9709 | D:6      | Reached skill level 5 in Fighting
 10546 | D:7      | Reached XP level 9. HP: 73/74 MP: 8/8
 10777 | D:7      | Found a radiant altar of Vehumet.
 10830 | D:7      | Reached skill level 9 in Long Blades
 10860 | D:7      | Found a hazy altar of Hepliaklqana.
 11027 | D:7      | Found a glowing silver altar of Zin.
 11841 | D:8      | Found an ancient bone altar of Kikubaaqudgha.
 11978 | D:8      | Reached * piety under the Shining One
 12176 | D:8      | Reached skill level 10 in Long Blades
 12310 | D:8      | Reached skill level 1 in Bows
 12318 | D:8      | Reached skill level 5 in Throwing
 12537 | D:8      | Reached XP level 10. HP: 73/83 MP: 9/9
 12763 | D:8      | Found a runed translucent gate.
 12763 | D:8      | Found a runed translucent gate.
 12764 | D:8      | Found a runed translucent gate.
 12766 | D:8      | Noticed MajorAdolf's ghost (novice NaWn)
 13296 | D:9      | Found a blossoming altar of Fedhas.
 13482 | D:9      | Reached ** piety under the Shining One
 13493 | D:9      | Reached skill level 11 in Long Blades
 14071 | D:9      | Found a hide-covered altar of Uskayaw.
 14418 | D:10     | Entered Level 10 of the Dungeon
 14463 | D:10     | Noticed a six-headed hydra
 14611 | D:10     | Reached *** piety under the Shining One
 14767 | D:10     | Reached **** piety under the Shining One
 14881 | D:10     | Found a staircase to the Orcish Mines.
 14891 | D:10     | Noticed Erica
 15279 | D:10     | Noticed Joseph
 15311 | D:10     | Killed Joseph
 15421 | D:10     | Noticed Erolcha
 15434 | D:10     | Cast into level 1 of the Abyss (Erolcha)
 15573 | Abyss:1  | Noticed a wretched star
 15601 | Abyss:1  | Noticed a mana viper
 15608 | Abyss:1  | Killed from afar by a wretched star

Levels and vault maps discovered:
D:1:      minmay_arrival_up_and_down, layout_basic
D:2:      layout_basic, tgw_trog
D:3:      layout_loops_corners, first_ration, uniq_robin
D:4:      layout_loops_ring, minmay_temple_entry_statues_pillars,
          xom_confusion_cloud
D:5:      layout_gridville
D:6:      layout_layer_cave, tso_oasis_becter
D:7:      layout_loops_ring, nicolae_overflow_hidden_temple, zin_statuary,
          basic_altar
D:8:      layout_cave_pods, lemuel_doored_altar, ebering_ghost_rock_garden,
          grunt_livestock
D:9:      layout_big_octagon, old_standard_altar,
          eat_drink_and_be_merry_uskayaw, grunt_decor_one_mirror,
          kennysheep_generic_room_8
D:10:     layout_roguey, zombieorc2_lemuel, kennysheep_path_1, uniq_erica,
          uniq_erolcha, uniq_joseph
Temple:   regret_index_temple_waves
Abyss:1:  base:
D:8

Skill      XL: |  1  2  3  4  5  6  7  8  9 10 |
---------------+-------------------------------+-----
Long Blades    | 4 5 6 7 8 10 11 | 11.9
Dodging        | 4 5 6 7 |  7.2
Armour         | 1 2 3 4 5 7 8 |  8.6
Fighting       | 3 4 5 6 7 |  7.1
Throwing       | 3 4 5 |  5.6
Stealth        | 1 2 |  2.5
Bows           | 1 3 |  3.1
Staves         | |  0.1

Action                   |  1- 3 |  4- 6 |  7- 9 | 10-12 || total
-------------------------+-------+-------+-------+-------++-------
Melee: Long sword        |    84 |   132 |   262 |   184 ||   662
       Headbutt          |    14 |    30 |    74 |    43 ||   161
       Falchion          |       |    14 |    26 |       ||    40
       Quarterstaff      |       |       |       |     2 ||     2
 Fire: Shortbow          |       |       |     4 |       ||     4
Throw: Dart              |    34 |    45 |    21 |       ||   100
       Throwing net      |       |     3 |       |       ||     3
       Boomerang         |       |       |     3 |    51 ||    54
Invok: Divine Shield     |       |       |       |     1 ||     1
  Use: Potion            |       |     2 |       |     3 ||     5
       Scroll            |       |    10 |     4 |     4 ||    18
 Stab: Sleeping          |       |       |     1 |       ||     1
  Eat: Chunk             |     3 |    11 |     7 |     3 ||    24
       Ration            |       |     1 |     4 |     3 ||     8
Armor: Scale mail        |    38 |    39 |       |       ||    77
       Leather armour    |     1 |       |       |       ||     1
       Ring mail         |       |    18 |   131 |    33 ||   182
Dodge: Dodged            |    53 |   103 |   277 |   139 ||   572
       Rpst.: Long sword |    19 |    16 |    40 |    23 ||    98
       Falchion          |       |       |     4 |       ||     4
